 Dungeon Crawl Stone Soup version 0.22.1-2-g9c5b331383 (webtiles) character file.

5501 Marnok the Cleaver (level 10, -2/88 HPs)
             Began as a Minotaur Berserker on Dec 16, 2018.
             Was a High Priest of Trog.
             Slain by a warg (9 damage)
             ... on level 8 of the Dungeon.
             The game lasted 00:42:10 (7930 turns).

Marnok the Cleaver (Minotaur Berserker)             Turns: 7930, Time: 00:42:11

Health: -2/88      AC:  9    Str: 27    XL:     10   Next: 42%
Magic:  8/8        EV: 12    Int:  4    God:    Trog [*****.]
Gold:   24         SH: 18    Dex: 10    Spells: 9/9 levels left

rFire    + . .     SeeInvis +   a - +0 hand axe
rCold    + . .     Gourm    .   s - +0 large shield
rNeg     . . .     Faith    .   y - +1 robe of Kytiga {rPois rF+ rC+}
rPois    +         Spirit   .   (helmet restricted)
rElec    .         Reflect  .   (no cloak)
rCorr    .         Harm     .   n - +0 pair of gloves
MR       .....                  p - +1 pair of boots
Stlth    ++........             z - amulet of magic regeneration
HPRegen  0.24/turn              f - +3 ring of protection
MPRegen  0.36/turn              l - ring of see invisible

@: about to teleport, berserk cooldown, slowed, very slow
A: retaliatory headbutt, horns 2, blurry vision 1, low mp 1, screaming 1, strong
1
a: Berserk, Trog's Hand, Brothers in Arms, Renounce Religion


You were on level 8 of the Dungeon.
You worshipped Trog.
Trog was extremely pleased with you.
You were not hungry.

You visited 1 branch of the dungeon, and saw 8 of its levels.

You collected 444 gold pieces.
You spent 420 gold pieces at shops.

Inventory:

Hand Weapons
 a - a +0 hand axe (weapon)
 b - a +1 whip of electrocution
 i - a cursed -1 dagger
 k - a +2 dagger of draining
 m - a cursed +4 dagger of freezing
 o - a cursed +0 flail
 r - a cursed +4 mace
 w - a +0 spear of freezing
 B - a +2 dagger of pain
 D - a +0 dagger
 E - a +1 flail of protection
 G - a +1 vampiric dagger
 K - a +2 dagger of venom
Armour
 n - a +0 pair of gloves (worn)
 p - a +1 pair of boots (worn)
 s - a +0 large shield (worn)
 y - the +1 robe of Kytiga (worn) {rPois rF+ rC+}
   (You found it on level 4 of the Dungeon)

   It protects you from fire.
   It protects you from cold.
   It protects you from poison.
 H - a +0 cloak
Jewellery
 f - a +3 ring of protection (left hand)
 j - an uncursed ring of flight
 l - a ring of see invisible (right hand)
 u - an uncursed ring of fire
 z - an amulet of magic regeneration (around neck)
 A - a +4 ring of intelligence {unknown}
 C - an uncursed amulet of harm {unknown}
 I - an uncursed ring of protection from magic {unknown}
 J - an uncursed amulet of the gourmand {unknown}
Wands
 x - a wand of acid (9)
 N - a wand of digging (23)
 P - a wand of flame (22)
Scrolls
 c - 2 scrolls of fear {unknown}
 d - a scroll of teleportation
 e - 6 scrolls of remove curse
 h - a scroll of blinking
 q - a scroll of identify
 v - 2 scrolls of enchant weapon {unknown}
 F - a scroll of enchant armour
 L - a scroll of amnesia {unknown}
 M - a scroll of magic mapping {unknown}
Potions
 g - 3 potions of flight
Comestibles
 t - 4 chunks of flesh
 O - 5 rations


   Skills:
 + Level 8.0 Fighting
 + Level 11.2 Axes
 + Level 2.6 Armour
 + Level 7.5 Dodging
 + Level 3.0 Stealth
 + Level 10.0 Shields


You had 9 spell levels left.
You didn't know any spells.
Your spell library contained the following spells:

 Spells                   Type           Power        Failure   Level  Hunger
 Confusing Touch          Hex            #.....       98%         1    ##.....
 Flame Tongue             Conj/Fire      #....        98%         1    ##.....
 Magic Dart               Conj           #...         98%         1    ##.....
 Searing Ray              Conj           #.....       99%         2    ###....
 Throw Flame              Conj/Fire      #.....       99%         2    ###....
 Confuse                  Hex            #.......     100%        3    ####...
 Conjure Flame            Conj/Fire      #.......     100%        3    ####...
 Dazzling Spray           Conj/Hex       #.....       100%        3    ####...
 Gell's Gravitas          Tloc           #.........   100%        3    ####...
 Inner Flame              Hex/Fire       #.......     100%        3    ####...
 Force Lance              Conj/Tloc      #.......     100%        4    #####..
 Fulminant Prism          Conj/Hex       #.........   100%        4    #####..
 Iskenderun's Mystic Bla  Conj           #.......     100%        4    #####..
 Petrify                  Tmut/Erth      #.......     100%        4    #####..
 Sticky Flame             Conj/Fire      #.......     100%        4    #####..
 Fireball                 Conj/Fire      #.........   100%        5    ######.
 Metabolic Englaciation   Hex/Ice        #.........   100%        5    ######.
 Yara's Violent Unravell  Hex/Tmut       #.........   100%        5    ######.


Dungeon Overview and Level Annotations

Branches:
Dungeon (8/15)             Temple (0/1) D:4
   Lair: D:8-11

Altars:
Ashenzari
Dithmenos
Elyvilon
Fedhas
Kikubaaqudgha
Makhleb
Ru
Trog
The Shining One

Shops:
D:8 %

Annotations:
D:4 2 transporters


Innate Abilities, Weirdness & Mutations

You reflexively headbutt those who attack you in melee.
You have a pair of horns on your head.
Scrolls take you a little longer to read.
Your magical capacity is low. (-10% MP)
You occasionally shout uncontrollably at your foes.
Your muscles are strong. (Str +2)


Message History

Really read with blurry vision while enemies are nearby? [Y]es or [N]o only, please.
Really read with blurry vision while enemies are nearby? [Y]es or [N]o only, please.
Really read with blurry vision while enemies are nearby?
You block the warg's attack. The warg bites you!
* * * LOW HITPOINT WARNING * * *
You block the warg's attack.
You begin reading the scroll.
You continue reading the scroll.
You block the warg's attack. The warg closely misses you.
You block the warg's attack. The warg completely misses you.
You block the warg's attack. The warg closely misses you.
As you read the scroll of teleportation, it crumbles to dust.
You feel strangely unstable. You block the warg's attack.
The warg closely misses you.
You block the warg's attack. x2; The warg bites you.
* * * LOW HITPOINT WARNING * * *
You see here a warg corpse.
The warg bites you!
You die...

#.≈≈≈..P.# #.≈≈≈....#
#'###≈≈....#
#############...#≈≈P...#
............#...#≈≈....#
≈≈≈≈≈≈≈≈≈≈≈≈#####≈≈....#
≈≈≈≈≈≈≈≈≈≈≈≈≈≈≈≈≈≈≈....#
≈≈≈≈≈≈≈≈h≈≈≈≈≈≈≈≈≈≈....#
....P.†.h@†.......P....#
......P.h†.............#
########################


You could see 3 wargs.

Vanquished Creatures
  An ugly thing (D:7)
  Maurice (D:8)
  A hornet (D:8)
  A hippogriff (D:7)
  A hungry ghost (D:7)
  10 wargs (D:8)
  3 orc warriors
  2 ice beasts
  2 centaurs
  4 ogres
  A phantom (D:7)
  4 big kobolds
  5 bullfrogs
  2 scorpions
  A water moccasin skeleton (D:4)
  5 wights (D:6)
  A vampire bat (D:6)
  2 crimson imps
  A howler monkey (D:4)
  A bullfrog zombie (D:7)
  A centaur zombie (D:6)
  A hound (D:7)
  A bullfrog skeleton (D:7)
  3 orc priests
  A gnoll shaman (D:5)
  A jelly (D:7)
  A centaur skeleton (D:7)
  2 iguanas
  6 orc wizards
  7 worker ants
  A howler monkey skeleton (D:6)
  6 adders
  9 gnolls
  2 shadow imps
  3 worms (D:3)
  4 dart slugs
  5 leopard geckos
  24 orcs
  8 bats
  2 bat skeletons (D:6)
  4 bat zombies (D:6)
  6 giant cockroaches
  8 goblins
  13 hobgoblins
  3 jackals (D:1)
  4 quokkas
  2 ball pythons
  5 frilled lizards
  15 kobolds
  A leopard gecko skeleton (D:4)
  A quokka zombie (D:7)
  7 rats
  A plant (D:8)
207 creatures vanquished.

Notes
Turn   | Place    | Note
-------+----------+-------------------------------------------
     0 | D:1      | Marnok the Minotaur Berserker began the quest for the Orb.
     0 | D:1      | Reached XP level 1. HP: 19/19 MP: 0/0
    32 | D:1      | Reached skill level 4 in Axes
    32 | D:1      | Reached XP level 2. HP: 11/27 MP: 1/1
   653 | D:3      | Reached ** piety under Trog
  1119 | D:1      | Reached XP level 3. HP: 20/33 MP: 2/2
  1718 | D:2      | Found a bloodstained altar of Trog.
  1870 | D:2      | Found a white marble altar of Elyvilon.
  1870 | D:2      | Found a sacrificial altar of Ru.
  2086 | D:3      | Reached XP level 4. HP: 39/41 MP: 3/3
  2270 | D:3      | Found a burning altar of Makhleb.
  2486 | D:3      | Found a shadowy altar of Dithmenos.
  2777 | D:4      | Reached skill level 5 in Axes
  2777 | D:4      | Reached XP level 5. HP: 44/47 MP: 4/4
  2808 | D:4      | Reached *** piety under Trog
  2812 | D:5      | Entered Level 5 of the Dungeon
  2839 | D:6      | Noticed an ogre
  2859 | D:5      | Killed an ogre
  2859 | D:5      | Reached skill level 1 in Stealth
  2859 | D:5      | Reached skill level 1 in Shields
  3049 | D:5      | Reached skill level 5 in Fighting
  3049 | D:5      | Reached XP level 6. HP: 40/56 MP: 5/5
  3057 | D:5      | Reached skill level 6 in Axes
  3419 | D:4      | Found a staircase to the Ecumenical Temple.
  3507 | D:4      | Got a warped robe
  3518 | D:4      | Identified the +1 robe of Kytiga {rPois rF+ rC+} (You found
                  | it on level 4 of the Dungeon)
  3864 | D:4      | Found a transporter.
  3998 | D:4      | Found a glowing golden altar of the Shining One.
  4158 | D:4      | Noticed a kobold demonologist
  4159 | D:4      | Found a transporter.
  4248 | D:6      | Reached skill level 7 in Axes
  4248 | D:6      | Reached XP level 7. HP: 53/61 MP: 6/6
  4402 | D:7      | Reached **** piety under Trog
  4645 | D:6      | Reached skill level 8 in Axes
  4756 | D:6      | Reached XP level 8. HP: 49/70 MP: 7/7
  4999 | D:6      | Reached skill level 5 in Shields
  5105 | D:6      | Reached skill level 5 in Dodging
  5231 | D:6      | Reached skill level 9 in Axes
  5382 | D:6      | Found an ancient bone altar of Kikubaaqudgha.
  5803 | D:7      | Noticed a hippogriff
  5898 | D:7      | Reached XP level 9. HP: 44/78 MP: 8/8
  6287 | D:7      | Reached ***** piety under Trog
  6352 | D:7      | Reached skill level 10 in Axes
  6381 | D:7      | Noticed a purple ugly thing
  6401 | D:7      | Killed a purple ugly thing
  6783 | D:7      | Found a blossoming altar of Fedhas.
  6784 | D:7      | Found a shattered altar of Ashenzari.
  6949 | D:8      | Paralysed by a hornet for 2 turns
  7149 | D:8      | Found Cidiotol's Food Boutique.
  7155 | D:8      | Reached XP level 10. HP: 58/86 MP: 9/9
  7415 | D:8      | Bought a ration for 70 gold pieces
  7415 | D:8      | Bought a ration for 70 gold pieces
  7415 | D:8      | Bought a ration for 70 gold pieces
  7415 | D:8      | Bought a ration for 70 gold pieces
  7415 | D:8      | Bought a ration for 70 gold pieces
  7415 | D:8      | Bought a ration for 70 gold pieces
  7453 | D:8      | Gained mutation: Your magical capacity is low. (-10% MP)
                  | [potion of mutation]
  7453 | D:8      | Gained mutation: You occasionally shout uncontrollably at
                  | your foes. [potion of mutation]
  7453 | D:8      | Gained mutation: Scrolls take you a little longer to read.
                  | [potion of mutation]
  7453 | D:8      | Gained mutation: Your muscles are strong. (Str +2) [potion
                  | of mutation]
  7816 | D:8      | Noticed Maurice
  7826 | D:8      | Noticed an orc knight
  7853 | D:8      | Killed Maurice
  7853 | D:8      | Reached skill level 11 in Axes
  7920 | D:8      | Reached skill level 10 in Shields
  7930 | D:8      | Slain by a warg

Skill      XL: |  1  2  3  4  5  6  7  8  9 10 |
---------------+-------------------------------+-----
Axes           | 4 5 7 8 9 10 11 | 11.2
Fighting       | 4 5 6 7 8 |  8.0
Dodging        | 3 4 5 6 7 |  7.5
Stealth        | 1 2 3 |  3.0
Shields        | 1 2 4 6 8 10 | 10.0
Armour         | |  2.6

Action                   |  1- 3 |  4- 6 |  7- 9 | 10-12 || total
-------------------------+-------+-------+-------+-------++-------
Melee: Hand axe          |   127 |   168 |   358 |   123 ||   776
       Headbutt          |    17 |    38 |    63 |    28 ||   146
Invok: Berserk           |       |     1 |     3 |     2 ||     6
       Brothers in Arms  |       |       |       |     1 ||     1
  Use: Scroll            |     8 |     3 |       |     1 ||    12
       Potion            |       |       |     5 |     3 ||     8
 Stab: Sleeping          |     1 |     1 |     1 |       ||     3
  Eat: Ration            |     1 |     2 |     2 |     1 ||     6
       Chunk             |       |     4 |     5 |     2 ||    11
Armor: Animal skin       |    18 |    25 |       |       ||    43
       Robe              |       |    13 |    84 |    10 ||   107
       Skin              |       |       |       |     3 ||     3
Dodge: Dodged            |    83 |    37 |   101 |    22 ||   243
Block: Large shield      |       |    97 |   273 |    99 ||   469
